 Dungeon Crawl Stone Soup version 0.21-a0-2-ge494091 (webtiles) character file.

190294 Rrauwl the Severer (level 17, -65/156 HPs)
             Began as a Minotaur Fighter on May 21, 2017.
             Was the Champion of Okawaru.
             Killed by Shatter
             ... invoked by Jorgrun
              (104 damage)
             ... on level 3 of the Snake Pit.
             The game lasted 02:00:49 (29720 turns).

Rrauwl the Severer (Minotaur Fighter)              Turns: 29720, Time: 02:00:49

Health: -65/156    AC: 28    Str: 27    XL:     17   Next: 53%
Magic:  24/24      EV:  2    Int: 11    God:    Okawaru [******]
Gold:   2350       SH:  0    Dex: 13    Spells: 13/16 levels left

rFire    + . .     SeeInvis .   a - +9 war axe (chop)
rCold    + . .     Gourm    .   j - +0 large shield
rNeg     + + +     Faith    .   F - +1 plate armour of Magic {*Drain Str+5 Int+3}
rPois    ∞         Spirit   .   w - +1 hat
rElec    +         Reflect  +   x - scarf {repulsion}
rCorr    .         Harm     .   H - +2 pair of gloves "Zumneis" {rF+}
MR       +....                  U - +2 pair of boots of the Untouchables {Int+2}
Stlth    ..........             D - +5 amulet of reflection
Regen    0.4/turn               J - ring of the Failed Coup {rElec rC+}
MPRegen  0.2/turn               b - ring of poison resistance

@: petrified, heroism, repel missiles
A: retaliatory headbutt, hooves 1, horns 2, weak 1, wild magic 1
}: 1/15 runes: decaying
a: Heroism, Finesse, Renounce Religion


You were on level 3 of the Snake Pit.
You worshipped Okawaru.
Okawaru was exalted by your worship.
You were not hungry.

You visited 6 branches of the dungeon, and saw 30 of its levels.
You also visited: Labyrinth and Ice Cave.

You collected 3009 gold pieces.
You spent 659 gold pieces at shops.

Inventory:

Hand Weapons
 a - a +9 war axe of chopping (weapon)
 c - a +1 broad axe of flaming
Missiles
 d - 3 javelins of penetration (quivered)
 o - 192 bolts
Armour
 i - the +3 buckler of the Nexus {MR+ rCorr Str+2 Dex-2}
   (Okawaru gifted it to you on level 1 of the Snake Pit)

   It affects your strength (+2).
   It affects your dexterity (-2).
   It affects your resistance to hostile enchantments.
   It protects you from acid and corrosion.
 j - a +0 large shield (worn)
 w - a +1 hat (worn)
 x - a scarf of repulsion (worn)
 F - the +1 plate armour of Magic (worn) {*Drain Str+5 Int+3}
   (You acquired it on level 3 of the Snake Pit)

   It affects your strength (+5).
   It affects your intelligence (+3).
   It causes draining when unequipped.
 H - the +2 pair of gloves "Zumneis" (worn) {rF+}
   (Okawaru gifted it to you on level 2 of the Swamp)

   It protects you from fire.
 U - the +2 pair of boots of the Untouchables (worn) {Int+2}
   (Okawaru gifted it to you on level 6 of the Lair of Beasts)

   It affects your intelligence (+2).
Jewellery
 b - a ring of poison resistance (right hand)
 D - a +5 amulet of reflection (around neck)
 J - the ring of the Failed Coup (left hand) {rElec rC+}
   (You found it in an ice cave)

   [ring of protection from cold]

   It protects you from cold.
   It insulates you from electricity.
 S - an uncursed ring of flight
 Z - an uncursed ring of positive energy
Wands
 f - a wand of acid (12/15)
 g - a wand of iceblast (10/15)
 y - a wand of confusion (48/48)
 B - a wand of confusion (15/48)
 C - a wand of lightning (6/15)
 G - a wand of scattershot (5/9)
 I - a wand of acid (8/15)
 P - a wand of polymorph (12/24)
 Q - a wand of disintegration (6/24)
Scrolls
 h - 11 scrolls of identify
 m - 10 scrolls of teleportation
 p - a scroll of silence
 s - 6 scrolls of recharging
 v - 7 scrolls of fear
 A - 5 scrolls of blinking
 O - 3 scrolls of magic mapping
 V - 5 scrolls of remove curse
Potions
 e - 2 potions of ambrosia
 k - a potion of lignification
 l - 7 potions of heal wounds
 q - 15 potions of curing
 r - 3 potions of resistance
 t - a potion of berserk rage
 u - 2 potions of haste
 z - a potion of flight
 N - 5 potions of agility
 Y - a potion of might
Books
 L - a book of Transfigurations

   Spells                             Type                      Level
   a - Irradiate                      Conjuration/Transmutation    5
   b - Statue Form                    Transmutation/Earth          6
   c - Hydra Form                     Transmutation                6
   d - Dragon Form                    Transmutation                7
Miscellaneous
 K - a phial of floods
 M - a lightning rod (4/4)
 T - 2 phantom mirrors
Comestibles
 n - 11 royal jellies
 E - 2 meat rations


   Skills:
 - Level 15.0(20.0) Fighting
 - Level 19.0(24.0) Axes
 - Level 15.0(20.0) Armour
 - Level 10.0(15.0) Dodging
 + Level 14.6(19.6) Shields
 - Level 11.0 Invocations
 - Level 10.0 Evocations


You had 13 spell levels left.
You knew the following spells:

 Your Spells              Type           Power        Failure   Level  Hunger
a - Blink                 Tloc           N/A          99%         2    ###....
b - Summon Butterflies    Summ           #.......     99%         1    ##.....


Dungeon Overview and Level Annotations

Branches:
Dungeon (14/15)            Temple (1/1) D:4            Lair (6/6) D:11
  Swamp (4/4) Lair:3        Snake (3/4) Lair:4        Slime (0/5) Lair:6
    Orc (2/2) D:9             Elf (0/3) Orc:2        Vaults (0/5) D:13

Altars:
Ashenzari
Cheibriados
Dithmenos
Elyvilon
Fedhas
Gozag
Hepliaklqana
Kikubaaqudgha
Makhleb
Nemelex Xobeh
Okawaru
Qazlal
Ru
Sif Muna
Trog
Uskayaw
Vehumet
Wu Jian
Xom
Yredelemnul
Zin
The Shining One
Beogh
Jiyva

Shops:
D:6 (   D:10 :   Orc:2 ?(?!

Portals:
Hell: Lair:6

Annotations:
D:8 2 transporters
D:14 Agnes, Azrael
Snake:3 Jorgrun


Innate Abilities, Weirdness & Mutations

You reflexively headbutt those who attack you in melee.
You have a pair of horns on your head.
You have large cloven feet.
You are weak. (Str -2)
Your spells are a little harder to cast, but a little more powerful.


Message History

Jorgrun gestures wildly while chanting.
The dungeon rumbles around Jorgrun!
You shudder from the earth-shattering force.
Ka-crash!
Your limbs are stiffening.
You have turned to stone.
Some rock shatters into small pieces.
Jorgrun hits you with a staff of earth.
Jorgrun gestures wildly while chanting.
The dungeon rumbles around Jorgrun!
You shudder from the earth-shattering force.
Ouch! That really hurt!
* * * LOW HITPOINT WARNING * * *
Ka-crash!
Jorgrun hits you but does no damage. x2
Jorgrun casts a spell.
The dungeon rumbles around Jorgrun!
You shudder from the earth-shattering force.
Ouch! That really hurt!
You die...

# ##.# ##..#.##
##...). #..# #
###....###...##.
#.## .#.
##....##..####
#########..###.#
##.....### #
##............#.#
####....##
#...............##.#
##....##
##.....#.........#.#
##.##.#
....########......##
##..## ...##
#....@..## #..##
.### ###..g...#
#.#.# .# #.........#
#...# ## ######
##......### #<..# #
##....## ###.....#
#.#.# # ##......##
##.....# #.### #
#......#.# #...#.#
### # #........#
#...### ### #
#.......<# #..>#
#.###


You could see Jorgrun.

Vanquished Creatures
  Nikola (Swamp:3)
  A tentacled monstrosity (Swamp:2)
  Kirke (Swamp:2)
  2 thorn hunters
  Roxanne (Swamp:2)
  A frost giant (IceCv)
  Aizul (Swamp:1)
  A minotaur (Lab)
  12 naga warriors
  A catoblepas (Lair:3)
  A hell beast (Lair:6)
  4 anacondas
  A centaur warrior (D:14)
  2 ghost crabs
  30 hydras
  2 dancing weapons (D:13)
  9 alligators
  4 two-headed ogres
  Urug (Lair:3)
  3 naga sharpshooters
  4 orc high priests
  Nergalle (Lair:3)
  7 shock serpents
  2 spriggan druids
  3 skeletal warriors (D:13)
  A salamander mystic (Snake:3)
  The ghost of Toogi the Slinger, a novice HaHu of Dithmenos (D:7)
  2 unseen horrors
  7 swamp dragons
  5 naga ritualists
  Pikel (D:9)
  2 shambling mangroves (Swamp:4)
  A wizard (Lair:6)
  4 orc knights (Orc:2)
  A deep elf mage (D:11)
  10 mana vipers
  6 orc sorcerers
  3 salamanders (Snake:3)
  18 elephants
  2 manticores
  3 cyclopes
  A smoke demon (Lair:6)
  34 black mambas
  7 naga magi
  2 guardian serpents
  2 centaur skeletons
  14 spiny frogs
  7 rime drakes
  7 komodo dragons
  5 ice devils
  A minotaur zombie (Lab)
  2 red devils (Lair:6)
  7 tyrant leeches
  8 trolls
  21 polar bears
  Prince Ribbit (D:9)
  15 hornets
  10 bog bodies
  14 slime creatures
  7 blink frogs
  7 hippogriffs
  A shadow (Swamp:1)
  5 wyverns
  2 centaur simulacra (D:14)
  10 spriggans
  4 hogs (Swamp:2)
  30 vampire mosquitoes
  A steam dragon (D:11)
  47 yaks
  7 basilisks
  A human (D:11)
  Grum (D:9)
  A hungry ghost (D:10)
  22 nagas
  4 wargs
  20 swamp worms
  3 acid dragons (D:11)
  5 hell hounds
  4 insubstantial wisps (Swamp:4)
  11 water moccasins
  25 orc warriors
  8 porcupines
  12 swamp drakes
  3 ice beasts
  4 slaves (D:9)
  A black bear (D:10)
  An eye of draining (D:14)
  A necrophage (D:12)
  2 sky beasts
  2 phantoms
  12 ogres
  22 wolves
  4 centaurs
  13 crocodiles
  3 big kobolds
  2 gnoll sergeants
  18 bullfrogs
  A water moccasin zombie (D:11)
  A wyvern skeleton (D:13)
  12 killer bees
  6 scorpions
  5 howler monkeys
  7 wights
  3 electric eels
  A bullfrog zombie (D:8)
  4 crimson imps
  2 hounds
  21 orc priests
  9 jellies
  3 bullfrog skeletons
  21 orc wizards
  4 iguanas
  8 worker ants
  Terence (D:2)
  A hound zombie (D:11)
  Robin (D:4)
  A howler monkey skeleton (D:11)
  17 gnolls
  14 adders
  3 shadow imps
  An ufetubus (D:14)
  14 oozes
  An adder skeleton (D:4)
  6 worms
  A dart slug (D:3)
  7 leopard geckos
  69 orcs
  7 giant cockroaches
  2 gnoll zombies (D:8)
  24 hobgoblins
  5 jackals
  7 quokkas
  12 bats
  5 frilled lizards
  42 goblins
  23 kobolds
  A quokka skeleton (D:7)
  10 rats
  6 briar patches (Swamp:3)
  5 fungi
  2 plants
1043 creatures vanquished.

Vanquished Creatures (others)
  A hydra (Swamp:4)
  A centaur warrior (D:14)
  A naga sharpshooter (Snake:2)
  A polar bear (IceCv)
  2 slime creatures (Swamp:3)
  A naga (Snake:2)
  A wight (D:7)
  An orc wizard (D:9)
  A worker ant (D:7)
  A hound zombie (D:5)
  A gnoll (D:7)
  An orc (D:9)
  7 fungi
  6 plants
26 creatures vanquished.

Grand Total: 1069 creatures vanquished

Notes
Turn   | Place    | Note
-------+----------+-------------------------------------------
     0 | D:1      | Rrauwl the Minotaur Fighter began the quest for the Orb.
     0 | D:1      | Reached XP level 1. HP: 19/19 MP: 0/0
   197 | D:1      | Reached XP level 2. HP: 27/27 MP: 1/1
   565 | D:1      | Reached skill level 1 in Dodging
   873 | D:1      | Reached XP level 3. HP: 32/33 MP: 2/2
  1040 | D:2      | Found a radiant altar of Vehumet.
  1346 | D:2      | Found a burning altar of Makhleb.
  1346 | D:2      | Noticed a blizzard demon
  1414 | D:2      | Reached skill level 3 in Axes
  1420 | D:2      | Noticed Terence
  1427 | D:2      | Killed Terence
  1427 | D:2      | Reached XP level 4. HP: 35/40 MP: 3/3
  1875 | D:3      | Found a shimmering altar of Xom.
  1878 | D:3      | Found a shimmering altar of Xom.
  1879 | D:3      | Found a shimmering altar of Xom.
  1923 | D:3      | Reached skill level 4 in Axes
  1923 | D:3      | Reached XP level 5. HP: 40/46 MP: 4/4
  2048 | D:3      | Reached skill level 5 in Axes
  2259 | D:3      | Reached XP level 6. HP: 24/52 MP: 5/5
  2289 | D:3      | Reached skill level 6 in Axes
  2722 | D:3      | Noticed a water moccasin
  2741 | D:3      | Killed a water moccasin
  2741 | D:3      | Reached skill level 7 in Axes
  2982 | D:3      | Reached XP level 7. HP: 59/59 MP: 6/6
  3222 | D:3      | Found a blossoming altar of Fedhas.
  3443 | D:4      | Reached skill level 8 in Axes
  3480 | D:4      | Noticed Robin
  3490 | D:4      | Killed Robin
  3601 | D:4      | Found a snail-covered altar of Cheibriados.
  4112 | D:4      | Found a faded altar of an unknown god.
  4114 | D:4      | Found a staircase to the Ecumenical Temple.
  4135 | Temple   | Entered the Ecumenical Temple
  4279 | Temple   | Became a worshipper of Warmaster Okawaru
  4547 | D:5      | Entered Level 5 of the Dungeon
  4588 | D:5      | Reached skill level 9 in Axes
  4776 | D:5      | Gained mutation: You are resistant to electric shocks. (rElec) [mutagenic meat]
  4777 | D:5      | Gained mutation: Armour fits poorly on your strangely shaped body. [mutagenic meat]
  4778 | D:5      | Gained mutation: You are somewhat resistant to further mutation. [mutagenic meat]
  4779 | D:5      | Gained mutation: You are weak. (Str -2) [mutagenic meat]
  4895 | D:5      | Found an ancient bone altar of Kikubaaqudgha.
  5136 | D:5      | Found a stormy altar of Qazlal.
  5447 | D:6      | Reached skill level 10 in Axes
  5580 | D:6      | Found a white marble altar of Elyvilon.
  5726 | D:6      | Reached XP level 8. HP: 66/66 MP: 7/7
  5801 | D:6      | Found a hazy altar of Hepliaklqana.
  5830 | D:6      | Found Oloam's Antique Weapon Emporium.
  6095 | D:7      | Reached skill level 11 in Axes
  6100 | D:7      | Found a sparkling altar of Nemelex Xobeh.
  6110 | D:7      | Found a glowing silver altar of Zin.
  6110 | D:7      | Noticed an angel
  6132 | D:7      | Noticed Toogi's ghost (novice HaHu)
  6153 | D:7      | Killed Toogi's ghost
  6153 | D:7      | Reached * piety under Okawaru
  6153 | D:7      | Reached skill level 12 in Axes
  6353 | D:7      | Reached ** piety under Okawaru
  6353 | D:7      | Reached XP level 9. HP: 28/71 MP: 8/8
  6378 | D:7      | Reached skill level 13 in Axes
  6618 | D:7      | Found a shadowy altar of Dithmenos.
  6951 | D:7      | Reached skill level 14 in Axes
  7113 | D:8      | Noticed a two-headed ogre
  7124 | D:8      | Found a shadowy altar of Dithmenos.
  7124 | D:8      | Noticed a deep elf knight
  7127 | D:8      | Noticed a troll
  7199 | D:8      | Noticed a two-headed ogre
  7208 | D:8      | Killed a two-headed ogre
  7208 | D:8      | Reached *** piety under Okawaru
  7208 | D:8      | Reached skill level 15 in Axes
  7517 | D:8      | Found a basalt altar of Yredelemnul.
  7659 | D:9      | Reached XP level 10. HP: 62/78 MP: 9/9
  7989 | D:9      | Noticed Grum
  7993 | D:9      | Reached skill level 16 in Axes
  7999 | D:9      | Killed Grum
  7999 | D:9      | Reached **** piety under Okawaru
  8075 | D:9      | Learned a level 2 spell: Blink
  8099 | D:9      | Found a burning altar of Makhleb.
  8125 | D:9      | Found a staircase to the Orcish Mines.
  8158 | D:9      | Noticed Prince Ribbit
  8232 | D:9      | Noticed Pikel
  8252 | D:9      | Killed Pikel
  8376 | D:9      | Killed Prince Ribbit
  8376 | D:9      | Reached skill level 17 in Axes
  8414 | D:9      | Lost mutation: You are weak. (Str -2) [potion of mutation]
  8414 | D:9      | Lost mutation: Armour fits poorly on your strangely shaped body. [potion of mutation]
  8414 | D:9      | Lost mutation: You are somewhat resistant to further mutation. [potion of mutation]
  8414 | D:9      | Lost mutation: You are resistant to electric shocks. (rElec) [potion of mutation]
  8414 | D:9      | Gained mutation: Your spells are a little easier to cast, but a little less powerful. [potion of mutation]
  8414 | D:9      | Gained mutation: You have a pair of large horns on your head. [potion of mutation]
  8414 | D:9      | Gained mutation: You have sharp fingernails. [potion of mutation]
  8524 | D:9      | Reached skill level 5 in Armour
  8747 | D:10     | Entered Level 10 of the Dungeon
  8747 | D:10     | Found Gonoronlu's Book Shop.
  8783 | D:10     | Reached ***** piety under Okawaru
  8974 | D:10     | Received a gift from Okawaru
  8975 | D:10     | Reached XP level 11. HP: 81/84 MP: 10/10
  9612 | D:11     | Noticed a two-headed ogre
  9624 | D:11     | Killed a two-headed ogre
  9644 | D:11     | Noticed a deep elf mage
  9647 | D:11     | Reached skill level 10 in Armour
  9665 | D:11     | Killed a deep elf mage
 10025 | D:11     | Noticed a two-headed ogre
 10037 | D:11     | Killed a two-headed ogre
 10240 | D:11     | Reached skill level 5 in Fighting
 10326 | D:11     | HP: 3/89 [acid (11)]
 10329 | D:11     | Received a gift from Okawaru
 10490 | D:11     | Found a staircase to the Lair.
 11217 | D:12     | Noticed a seven-headed hydra
 11236 | D:13     | Noticed an enchanted long sword
 11243 | D:13     | Killed an enchanted long sword
 11243 | D:13     | Reached skill level 10 in Fighting
 11243 | D:13     | Reached XP level 12. HP: 107/107 MP: 11/11
 11255 | D:13     | Found a gate to the Vaults.
 11259 | D:13     | Reached skill level 5 in Shields
 11261 | D:13     | Found a radiant altar of Vehumet.
 11419 | D:12     | Found a bloodstained altar of Trog.
 11439 | D:12     | Found a labyrinth entrance.
 11465 | D:12     | Killed a ten-headed hydra
 11480 | Lab      | Entered a labyrinth
 11586 | Lab      | Received a gift from Okawaru
 11708 | Lab      | Noticed a minotaur
 11718 | Lab      | Killed a minotaur
 11757 | Lab      | Got a polished arbalest
 11757 | Lab      | Got an ichor-stained robe
 11766 | Lab      | Lost mutation: You have a pair of large horns on your head. [potion of mutation]
 11766 | Lab      | Lost mutation: Your spells are a little easier to cast, but a little less powerful. [potion of mutation]
 11766 | Lab      | Lost mutation: You have sharp fingernails. [potion of mutation]
 11766 | Lab      | Gained mutation: You are dopey. (Int -2) [potion of mutation]
 11766 | Lab      | Lost mutation: You are dopey. (Int -2) [potion of mutation]
 11766 | Lab      | Gained mutation: Your magical capacity is low. (-10% MP) [potion of mutation]
 11766 | Lab      | Gained mutation: You are partially covered in icy blue scales. (AC +2) [potion of mutation]
 11768 | Lab      | Got a pair of ancient boots
 11779 | Lab      | Identified the cursed +0 pair of boots of Follow the Leader {Str+5} (You found it in a labyrinth)
 11791 | Lab      | Identified the +1 robe of Kobi {rCorr MP+9 Str+6 SInv} (You found it in a labyrinth)
 11802 | Lab      | Identified a scroll of acquirement
 11824 | D:12     | Identified the +6 arbalest "Weghuerant" {penet, rN+} (You found it in a labyrinth)
 12287 | D:12     | Noticed a five-headed hydra
 12292 | D:12     | Killed a two-headed hydra
 12487 | Lair:1   | Entered Level 1 of the Lair of Beasts
 12539 | Lair:1   | Reached skill level 10 in Shields
 12710 | Lair:1   | Reached skill level 5 in Dodging
 12857 | Lair:1   | Found a frozen archway.
 12865 | Lair:1   | Received a gift from Okawaru
 12885 | IceCv    | Entered an ice cave
 13110 | IceCv    | Reached ****** piety under Okawaru
 13123 | IceCv    | Received a gift from Okawaru
 13177 | IceCv    | Reached XP level 13. HP: 110/114 MP: 10/10
 13411 | IceCv    | Noticed a frost giant
 13427 | IceCv    | Reached skill level 1 in Invocations
 13447 | IceCv    | Killed a frost giant
 13541 | IceCv    | Got a brightly glowing marble ring
 13543 | IceCv    | Identified the ring of the Failed Coup {rElec rC+} (You found it in an ice cave)
 13712 | Lair:1   | Reached skill level 5 in Invocations
 13807 | Lair:1   | Reached skill level 1 in Evocations
 14395 | Lair:2   | Received a gift from Okawaru
 14396 | Lair:2   | Got a bloodstained cloak {god gift}
 14442 | Lair:2   | Identified the +0 cloak "Zupnauq" {rF+ Str+2 Dex-5} (Okawaru gifted it to you on level 2 of the Lair of Beasts)
 15136 | Lair:3   | Noticed Nergalle
 15165 | Lair:3   | Killed Nergalle
 15474 | Lair:3   | Noticed Urug
 15484 | Lair:3   | Killed Urug
 15626 | Lair:3   | Found a staircase to the Swamp.
 15628 | Lair:3   | Reached skill level 18 in Axes
 15924 | Lair:4   | Found a staircase to the Snake Pit.
 16175 | Lair:4   | Reached XP level 14. HP: 112/122 MP: 9/15
 17158 | Lair:6   | Entered Level 6 of the Lair of Beasts
 17181 | Lair:6   | Received a gift from Okawaru
 17186 | Lair:6   | Got a pair of fine boots {god gift}
 17197 | Lair:6   | Identified the +2 pair of boots of the Untouchables {Int+2} (Okawaru gifted it to you on level 6 of the Lair of Beasts)
 17207 | Lair:6   | Found a staircase to the Slime Pits.
 17207 | Lair:6   | Found a viscous altar of Jiyva.
 17282 | Lair:6   | Lost mutation: Your magical capacity is low. (-10% MP) [potion of mutation]
 17282 | Lair:6   | Lost mutation: You are partially covered in icy blue scales. (AC +2) [potion of mutation]
 17282 | Lair:6   | Gained mutation: You have large cloven feet. [potion of mutation]
 17282 | Lair:6   | Gained mutation: Your spells are a little harder to cast, but a little more powerful. [potion of mutation]
 17511 | Lair:6   | Reached skill level 19 in Axes
 17738 | Lair:6   | Reached skill level 10 in Dodging
 17896 | Lair:6   | Reached skill level 5 in Evocations
 17914 | Lair:6   | Found a burning altar of Makhleb.
 18148 | Lair:6   | Found a gateway to Hell.
 18675 | D:13     | Found a shattered altar of Ashenzari.
 18822 | D:13     | Received a gift from Okawaru
 19213 | D:14     | Noticed Agnes
 19219 | D:14     | Noticed Azrael
 19502 | Orc:1    | Entered Level 1 of the Orcish Mines
 19759 | Orc:2    | Entered Level 2 of the Orcish Mines
 19769 | Orc:2    | Found a roughly hewn altar of Beogh.
 19882 | Orc:2    | Found a staircase to the Elven Halls.
 20322 | Orc:2    | Found Liung's Magic Scroll Emporium.
 20330 | Orc:2    | Reached XP level 15. HP: 132/132 MP: 20/20
 20401 | Orc:2    | Received a gift from Okawaru
 20658 | Orc:2    | Found Xyes's Magic Scroll Boutique.
 20664 | Orc:2    | Found Jymais Ufri's Distillery.
 20683 | Orc:2    | Bought a scroll of enchant armour for 105 gold pieces
 20683 | Orc:2    | Bought a scroll of enchant armour for 105 gold pieces
 20683 | Orc:2    | Bought a scroll of enchant weapon for 105 gold pieces
 20686 | Orc:2    | Bought a scroll of silence for 97 gold pieces
 20686 | Orc:2    | Bought a scroll of enchant armour for 97 gold pieces
 20688 | Orc:2    | Found Reacluwn's Antique Weapon Emporium.
 20694 | Orc:2    | Bought a potion of resistance for 150 gold pieces
 20962 | Orc:1    | Found a roughly hewn altar of Beogh.
 21335 | Swamp:1  | Entered Level 1 of the Swamp
 21728 | Swamp:1  | Reached skill level 10 in Evocations
 21877 | Swamp:1  | Noticed Aizul
 21899 | Swamp:1  | Killed Aizul
 21903 | Swamp:1  | Gained mutation: You are weak. (Str -2) [mutagenic meat]
 22481 | Swamp:2  | Learned a level 1 spell: Summon Butterflies
 22514 | Swamp:2  | Noticed Roxanne
 22541 | Swamp:2  | Killed Roxanne
 22541 | Swamp:2  | Received a gift from Okawaru
 22542 | Swamp:2  | Identified Roxanne's Compendium of Moulding (You took it off Roxanne on level 2 of the Swamp)
 22546 | Swamp:2  | Got a pair of crude gloves {god gift}
 22557 | Swamp:2  | Identified the +2 pair of gloves "Zumneis" {rF+} (Okawaru gifted it to you on level 2 of the Swamp)
 22860 | Swamp:2  | Reached skill level 10 in Invocations
 23112 | Swamp:2  | Noticed Kirke
 23123 | Swamp:2  | Killed Kirke
 23422 | Swamp:2  | Noticed a tentacled monstrosity
 23435 | Swamp:2  | Killed a tentacled monstrosity
 23937 | Swamp:3  | Noticed Nikola
 23964 | Swamp:3  | Killed Nikola
 23964 | Swamp:3  | Reached XP level 16. HP: 116/139 MP: 17/23
 24104 | Swamp:3  | Noticed a thorn hunter
 24117 | Swamp:3  | Killed a thorn hunter
 24966 | Swamp:4  | Entered Level 4 of the Swamp
 25035 | Swamp:4  | Got a translucent cloak
 25046 | Swamp:4  | Identified the +1 cloak of Valour {Regen+} (You found it on level 4 of the Swamp)
 25322 | Swamp:4  | Received a gift from Okawaru
 26079 | Swamp:4  | Noticed a thorn hunter
 26100 | Swamp:4  | Killed a thorn hunter
 26110 | Swamp:4  | Reached skill level 15 in Armour
 26597 | Swamp:4  | Got a decaying rune of Zot
 27007 | Snake:1  | Entered Level 1 of the Snake Pit
 27386 | Snake:1  | Received a gift from Okawaru
 27386 | Snake:1  | Reached XP level 17. HP: 72/152 MP: 24/24
 27387 | Snake:1  | Got a distressingly furry buckler {god gift}
 27398 | Snake:1  | Identified the +3 buckler of the Nexus {MR+ rCorr Str+2 Dex-2} (Okawaru gifted it to you on level 1 of the Snake Pit)
 28168 | Snake:2  | Reached skill level 15 in Fighting
 29500 | Snake:3  | Got a warped plate armour
 29511 | Snake:3  | Identified the +1 plate armour of Magic {*Drain Str+5 Int+3} (You acquired it on level 3 of the Snake Pit)
 29706 | Snake:3  | Noticed Jorgrun
 29720 | Snake:3  | Killed from afar by Jorgrun

Vault maps used:
D:1:      lemuel_arrival_room, bh_walls_and_bars
D:2:      makhleb_altar_promises_db, nicolae_overflow_crystal_walls,
          first_bread, uniq_terence
D:3:      minmay_goblin_kobold_castle, lemuel_round_altar, xom_redecorated,
          portal_sewer_entry_b, minmay_curled_crystal
D:4:      lemuel_crystal_altar, nicolae_temple_entry_ecumenical,
          serial_bayou_lake_a, uniq_robin
D:5:      kiku_gazebo_pond_becter, nicolae_qazlal_eye_of_the_storm
D:6:      lemuel_round_altar, serial_shops, kennysheep_little_box,
          minmay_item_behind_shaft, elyvilon_altar_5
D:7:      zin_angel, nemelex_xobeh_ov_fountains_minmay,
          nicolae_dithmenos_shadow_blocks
D:8:      lemuel_zombie_altar_yredelemnul, gammafunk_temple_overflow_arena
D:9:      erik_orc_3, basic_altar, uniq_prince_ribbit1, uniq_grum, uniq_pikel
D:10:     serial_shops, shop
D:11:     erik_lair_dragon, serial_glass, glass_columns_a, glass_columns_b,
          hangedman_stone_soup, evilmike_minifort
D:12:     lab_entry_generic, basic_altar
D:13:     erik_vaults_1, basic_altar, st_stairs_3, evilmike_ruin_ashenzari
D:14:     serial_ice, serial_ice_j, serial_ice_b, serial_ice_h, serial_ice_m,
          uniq_frances, uniq_agnes, uniq_azrael
Temple:   minmay_temple_curvy_loop
Lair:1:   portal_ice_cave_demonic_guard, lemuel_fruit_tree
Lair:2:   lemuel_slime, st_stairs_5, nicolae_lair_grove_arrangements,
          serial_bayou_shore_a
Lair:3:   nicolae_swamp_entry_splash_gauntlet, uniq_urug, uniq_nergalle
Lair:4:   guppyfry_snake_entry_garden, beast_lair_carwin_11
Lair:5:   serial_bayou_shore_b, grunt_megastairs_2
Lair:6:   evil_forest, slime_altar_1, serial_bayou_lagoon_a, minivault_26
Swamp:1:  evilmike_swamp_ruin_house_1, infiniplex_staircase_pool_2, uniq_aizul
Swamp:2:  evilmike_swamp_ruin_house_4, uniq_roxanne, uniq_kirke
Swamp:3:  nicolae_swamp_fairy_circle, swamp_pool1, uniq_nikola
Swamp:4:  swamp_basic_johnstein, swamp_pool2, infiniplex_staircase_pool
Snake:1:  spider_trap
Snake:3:  uniq_jorgrun
Orc:1:    basic_altar
Orc:2:    st_orc_elflike, basic_altar, lightli_orcish_oven
Lab:      labyrinth_hidden_loot, labyrinth_skeletal_remains,
          nicolae_lab_t_cross, nicolae_lab_blocks, nicolae_lab_quarters,
          nicolae_lab_very_dead_end, nicolae_lab_hexagon, nicolae_lab_diamond,
          nicolae_lab_checkerboard
IceCv:    ice_cave_caverns_03

Skill      XL: |  1  2  3  4  5  6  7  8  9 10 11 12 13 14 15 16 17 |
---------------+----------------------------------------------------+-----
Armour         | 4 8 11 15 | 15.0
Dodging        | 1 2 3 8 9 10 | 10.0
Fighting       | 4 10 12 14 15 | 15.0
Shields        | 4 10 11 12 14 | 14.6
Axes           | 3 4 5 7 10 12 15 17 18 19 | 19.0
Invocations    | 6 8 11 | 11.0
Evocations     | 4 7 10 | 10.0

Action                   |  1- 3 |  4- 6 |  7- 9 | 10-12 | 13-15 | 16-18 || total
-------------------------+-------+-------+-------+-------+-------+-------++-------
Melee: War axe           |   100 |   220 |   251 |   658 |  1159 |   635 ||  3023
       Headbutt          |    13 |    33 |    31 |   128 |   286 |   154 ||   645
       Broad axe         |       |       |       |     5 |    67 |    83 ||   155
Invok: Heroism           |       |       |       |    13 |    29 |    17 ||    59
       Finesse           |       |       |       |     1 |     9 |     1 ||    11
Evoke: Wand              |       |       |       |     1 |     2 |     1 ||     4
  Use: Potion            |       |     3 |     9 |     5 |     2 |     6 ||    25
       Scroll            |       |       |    11 |    16 |    14 |     5 ||    46
 Stab: Confused          |       |       |       |       |       |     1 ||     1
       Invisible         |       |       |       |       |       |     7 ||     7
  Eat: Chunk             |     1 |     6 |    16 |     9 |    19 |     4 ||    55
       Royal jelly       |       |       |     2 |       |     2 |       ||     4
       Fruit             |       |       |       |    12 |    16 |       ||    28
       Bread ration      |       |       |       |       |     1 |       ||     1
       Meat ration       |       |       |       |       |       |     3 ||     3
Armor: Scale mail        |    14 |       |       |       |       |       ||    14
       Chain mail        |    36 |    93 |    70 |     6 |       |       ||   205
       Skin              |       |       |     7 |       |       |       ||     7
       Plate armour      |       |       |       |   264 |   324 |   232 ||   820
Dodge: Dodged            |    19 |    69 |    37 |   120 |   306 |   191 ||   742
       Deflected         |       |       |       |       |     8 |    20 ||    28
Block: Shield            |    51 |   123 |   105 |   270 |   675 |   320 ||  1544
       Reflection        |       |       |       |       |    11 |    49 ||    60
       Large shield      |       |       |       |       |       |   366 ||   366
